cohdb
Replays
Latest Replays
All Replays
Popular Replays
Top Player Replays
Match Explorer
How It Works
Community
CoH3 Stats
Reddit
Sign in to upload your games and track your stats! →
Sign in with Steam
Match 42989869
Unlisted
Match 42989869
Overview
Messages
Build Orders
End
Scout Squad
Construct Barracks
Riflemen Squad
Riflemen Squad
Riflemen Squad
Infantry Support Center
Construct Medical Station
Construct Weapon Support Center
M3 Armored Personnel Carrier
Selects Armored Battlegroup
Selects Veteran Crews
Selects Fast Deploy
Riflemen Squad
Grenade Package
Engineer Squad
M1919 Machine Gun Team
Selects M8 Scott SPG
M8 Scott SPG
Construct Tank Depot
Engineer Squad
Selects UNKNOWN (2160077)
101st.Airbone
desertBeliever
0
0
Comments
sign in to comment!
No comments posted yet!